Map: Bel'Shir Vestige LE (Void)

Players

Ziggy

  • Race: Terran Terran
  • Spawn Location: 11:00

Zanster - Winner!

  • Race: Zerg Zerg
  • Spawn Location: 5:00

Event: IEM XI Katowice - World Championship 2017

VOD

Have the link to the VOD?

Description

Time

  • Played on: Feb. 27, 2017, 10:54 a.m.
  • Length: 15:50

All games in this series

Show
View Real Time Build Order
Export as new Build Order

Ziggy Terran 

Build Orders: Liberator Opening, Reaper Expand, MMM Bio 

Get SALT Encoding   

  12  0:00  SCV  
  13  0:12  SCV  
  14  0:17  Supply Depot  
  14  0:24  SCV  
  15  0:39  SCV  
  15  0:41  Barracks  
  16  0:45  Refinery  
  16  0:51  SCV  
  17  1:03  SCV  
  18  1:15  SCV  
  19  1:28  Reaper  
  19  1:29  Orbital Command  
  20  1:42  Command Center  
  20  1:50  Engineering Bay  
  20  1:54  SCV  
  21  2:01  Barracks Reactor  
  21  2:06  Supply Depot  
  21  2:07  SCV  
  22  2:19  Refinery, SCV  
  23  2:30  Factory  
  23  2:32  SCV  
  24  2:41  Marine x2  
  24  2:44  SCV  
  27  2:55  Orbital Command  
  27  2:56  SCV  
  28  2:58  Marine  
  28  2:59  Marine  
  30  3:08  SCV  
  31  3:16  Starport  
  31  3:20  SCV  
  31  3:26  SCV  
  33  3:31  Hellion x2  
  33  3:32  SCV  
  38  3:38  SCV  
  38  3:40  Supply Depot  
  39  3:42  Supply Depot  
  39  3:44  SCV  
  39  3:45  Liberator  
  40  3:50  SCV  
  40  3:52  Hellion x2  
  45  4:01  SCV  
  49  4:08  Engineering Bay  
  49  4:10  Supply Depot  
  49  4:14  Hellion x2  
  49  4:16  SCV x2  
  55  4:28  SCV x2  
  57  4:35  Terran Infantry Weapons Level 1  
  57  4:39  Supply Depot x2  
  57  4:40  SCV x2  
  59  4:54  Barracks x2  
  59  4:56  SCV x2  
  59  4:57  Barracks  
  59  4:59  Hellion  
  64  5:00  Hellion  
  64  5:05  Starport Reactor  
  64  5:08  SCV x2, Barracks Tech Lab  
  64  5:09  Refinery  
  66  5:20  Hellion, SCV x2  
  72  5:21  Hellion  
  72  5:31  Marine, Stimpack  
  72  5:32  SCV x2  
  75  5:39  Supply Depot x3  
  75  5:42  Hellion x2  
  79  5:43  Medivac  
  79  5:45  Barracks Reactor x2  
  79  5:47  Barracks Reactor  
  79  5:48  Marine, SCV  
  79  5:49  SCV  
  84  6:01  SCV  
  84  6:02  SCV  
  86  6:05  Hellion x2  
  86  6:06  Marine  
  91  6:17  SCV x2, Medivac x2  
  97  6:19  Supply Depot x2  
  97  6:21  Marine x3  
  97  6:22  Marine, Armory  
  97  6:24  Marine  
  97  6:25  Marine x2  
  104  6:39  Marine x2, Hellion x2  
  110  6:40  Marine x2  
  110  6:42  Marine  
  110  6:43  Marine  
  110  6:47  Terran Infantry Armor Level 1, Marine  
  114  6:50  Medivac  
  114  6:54  Medivac  
  119  6:57  Marine x2  
  119  6:58  Marine x2  
  119  7:00  Marine x2  
  125  7:04  Refinery  
  125  7:05  Marine  
  123  7:16  Marine x2  
  123  7:22  Marine x2  
  123  7:23  Marine  
  123  7:27  Marine x2  
  128  7:32  Combat Shields  
  128  7:33  Marine  
  128  7:34  Marine  
  130  7:38  Command Center  
  130  7:40  Marine x3  
  130  7:43  Liberator x2  
  114  7:45  Marine x2  
  107  7:51  Marine  
  107  7:54  Marine  
  107  7:58  Marine x3  
  95  7:59  Missile Turret  
  95  8:03  Marine x2  
  102  8:09  Marine  
  102  8:11  Marine  
  103  8:16  Marine x2, Missile Turret  
  103  8:17  Marine  
  103  8:21  Marine x2  
  102  8:27  Marine  
  102  8:29  Marine  
  102  8:34  Marine x2  
  100  8:35  Marine  
  100  8:39  Marine x2  
  103  8:43  Medivac x2  
  103  8:45  Marine  
  103  8:47  Marine  
  107  8:51  Marine, Orbital Command  
  107  8:52  Marine x2  
  100  8:55  Widow Mine x2  
  100  8:57  Marine x2  
  106  9:03  Marine  
  106  9:05  Marine  
  106  9:09  Marine x2  
  109  9:10  Marine, Barracks  
  109  9:12  Barracks  
  109  9:14  Marine  
  109  9:16  Marine, Missile Turret  
  113  9:20  Marine  
  113  9:23  Marine  
  115  9:26  Terran Infantry Weapons Level 2  
  115  9:27  Marine x2, Orbital Command  
  117  9:34  Marine  
  117  9:35  Marine  
  119  9:42  Liberator  
  119  9:45  Widow Mine x2  
  118  9:46  Marine x2  
  118  9:47  Marine  
  118  9:49  Missile Turret  
  124  9:53  Marine  
  124  9:55  Engineering Bay  
  128  10:02  Marine  
  128  10:06  Marine  
  128  10:07  Marine  
  130  10:13  Widow Mine  
  130  10:15  Marine x2  
  133  10:24  Marine x3  
  133  10:25  Barracks Tech Lab x2  
  133  10:26  SCV x3  
  138  10:34  Marine x4  
  142  10:42  Marine x3  
  143  10:45  Marine x2  
  144  10:51  Marine  
  144  10:52  Marine x3  
  135  10:59  Marine x2  
  135  11:00  Marine  
  135  11:02  Marine  
  135  11:03  Marine  
  122  11:09  Marine x2  
  122  11:10  Marine x2  
  122  11:11  Widow Mine x2  
  123  11:17  Marine x2  
  129  11:20  Marine x2  
  120  11:36  Marine  
  120  11:37  Marine x5  
  120  11:38  Marine, Marauder  
  120  11:39  Widow Mine x2  
  118  11:40  Marine  
  118  11:44  Liberator x2  
  118  11:53  Factory  
  116  11:54  Marine  
  120  12:01  Marine x3  
  120  12:07  Missile Turret  
  126  12:10  Terran Infantry Armor Level 2  
  126  12:13  Widow Mine x2  
  130  12:18  Marine  
  130  12:19  Marauder  
  124  12:36  Marine x2  
  124  12:37  Marine x3  
  124  12:41  Orbital Command  
  125  12:51  Marine x2  
  125  12:52  Marauder  
  125  12:57  Marine x2  
  102  13:03  Marine  
  103  13:12  Marine  
  102  13:19  Marine  
  96  13:26  Marine x2  
  99  13:40  Widow Mine  
  100  13:45  Widow Mine  
  102  13:49  Marine x3  
  102  13:52  Marine  
  106  13:58  Marine  
  106  14:00  SCV x2  
  109  14:06  Marine x2  
  109  14:07  Marine  
  107  14:12  SCV x2  
  107  14:19  Missile Turret, Orbital Command  
  107  14:20  Marine  
  107  14:23  Marine x2  
  110  14:24  Marauder  
  110  14:29  Marine x2  
  114  14:32  Missile Turret  
  114  14:37  Missile Turret  
  114  14:38  Missile Turret  
  114  14:44  Marine  
  115  14:48  Marine x3  
  115  14:49  Marine  
  115  14:51  Marine x2  
  121  14:56  Marine  
  121  14:58  Missile Turret  
  103  15:02  Marine, SCV  
  103  15:03  SCV  
  106  15:07  SCV  
  106  15:11  Marine x2  
  109  15:14  Marauder, SCV  
  109  15:18  Marine x3  
  109  15:21  Marine x2  
  111  15:28  Marine x2  
Show
View Real Time Build Order
Export as new Build Order

Zanster Zerg - Winner!

Build Orders: Pool First, Muta Ling Bane 

Get SALT Encoding   

  12  0:00  Drone  
  13  0:12  Overlord  
  13  0:17  Drone  
  14  0:30  Drone  
  14  0:31  Drone  
  14  0:34  Drone  
  17  0:37  Extractor  
  16  0:45  Spawning Pool  
  15  0:50  Drone  
  16  0:59  Drone  
  17  1:06  Drone  
  18  1:21  Hatchery  
  17  1:34  Zergling x4  
  17  1:39  Metabolic Boost  
  20  1:40  Zergling x2  
  20  1:48  Queen  
  20  1:54  Overlord  
  22  2:14  Drone x2  
  24  2:21  Drone  
  25  2:27  Queen  
  27  2:32  Drone  
  27  2:34  Queen  
  27  2:35  Drone  
  31  2:43  Overlord  
  31  2:44  Drone  
  31  2:54  Drone  
  31  2:55  Drone  
  33  3:02  Drone  
  33  3:03  Drone x2  
  36  3:06  Queen  
  38  3:15  Drone x3  
  41  3:24  Hatchery  
  41  3:27  Overlord  
  40  3:34  Drone x3  
  40  3:37  Overlord  
  43  3:43  Baneling Nest  
  43  3:47  Drone  
  43  3:56  Overlord  
  43  3:57  Drone x2  
  43  3:59  Zergling x6  
  48  4:04  Queen  
  48  4:07  Zergling x2  
  51  4:15  Zergling x4  
  51  4:16  Zergling x10  
  58  4:23  Overlord  
  58  4:29  Overlord  
  56  4:34  Drone  
  56  4:35  Lair  
  56  4:38  Drone x4  
  61  4:42  Spore Crawler  
  61  4:44  Drone  
  61  4:48  Drone x4  
  65  4:54  Overlord  
  65  5:01  Queen  
  65  5:05  Extractor x2, Drone  
  66  5:09  Overlord  
  66  5:10  Extractor  
  66  5:11  Drone  
  66  5:14  Drone x5  
  71  5:20  Zergling x6  
  74  5:21  Overlord  
  74  5:24  Drone  
  74  5:25  Drone  
  74  5:32  Zergling x4  
  76  5:39  Spore Crawler  
  76  5:41  Overseer  
  76  5:42  Spire  
  74  5:45  Overlord, Drone x2  
  74  5:46  Drone x2  
  74  5:49  Drone x2  
  80  5:50  Drone x2  
  80  5:51  Drone  
  80  5:52  Drone  
  80  5:55  Drone x2  
  86  6:01  Drone  
  87  6:04  Overlord  
  87  6:10  Drone x2  
  89  6:11  Evolution Chamber  
  89  6:13  Drone  
  89  6:15  Evolution Chamber, Drone  
  89  6:22  Extractor  
  89  6:23  Extractor  
  87  6:27  Centrifical Hooks  
  87  6:29  Drone  
  87  6:30  Drone x5  
  93  6:33  Drone x3  
  93  6:34  Drone  
  93  6:35  Hatchery, Drone  
  93  6:38  Overlord  
  97  6:48  Zergling x2  
  97  6:49  Zergling x4  
  97  6:53  Overlord  
  97  6:56  Drone x3  
  97  6:58  Zerg Ground Armor Level 1  
  99  7:01  Overlord  
  99  7:03  Mutalisk x3  
  105  7:09  Mutalisk x3  
  105  7:14  Baneling x5  
  111  7:18  Zergling x2  
  111  7:19  Zergling x8  
  114  7:24  Baneling x6  
  114  7:28  Zergling x2  
  114  7:29  Zergling x12  
  117  7:34  Baneling x5  
  117  7:36  Overlord  
  116  7:43  Hatchery  
  90  7:53  Mutalisk  
  90  7:54  Mutalisk x2  
  90  7:55  Zergling x2  
  90  7:56  Zergling x8  
  87  8:00  Zergling x12  
  87  8:04  Zergling x6  
  96  8:06  Zergling x2  
  96  8:13  Zergling x2  
  96  8:14  Zergling x2  
  96  8:15  Baneling x8  
  95  8:21  Baneling  
  95  8:22  Baneling x5  
  92  8:30  Zergling x16  
  98  8:43  Mutalisk x2  
  98  8:44  Hatchery  
  97  8:50  Mutalisk  
  97  8:51  Mutalisk  
  98  8:56  Extractor x2  
  98  8:57  Zergling x4  
  98  9:00  Drone x3  
  101  9:03  Evolution Chamber  
  101  9:04  Queen  
  101  9:06  Baneling  
  102  9:11  Zergling x2  
  102  9:12  Zergling x6  
  106  9:17  Zergling x2  
  106  9:19  Zerg Ground Armor Level 2  
  106  9:23  Zergling x2  
  106  9:24  Zergling x8, Hatchery, Evolution Chamber  
  112  9:27  Overseer  
  110  9:36  Zergling x10  
  114  9:41  Mutalisk  
  114  9:42  Mutalisk x2  
  114  9:45  Queen  
  121  9:49  Zergling x2  
  121  9:51  Baneling x6  
  121  9:57  Zergling x14  
  126  10:10  Drone  
  126  10:11  Drone x3  
  130  10:14  Extractor  
  130  10:15  Zergling x4  
  130  10:17  Overlord  
  130  10:19  Zergling x2  
  130  10:21  Baneling x10  
  132  10:29  Zergling x2  
  132  10:30  Zergling x8  
  137  10:36  Baneling  
  137  10:37  Baneling x10  
  135  10:45  Zergling x18  
  137  11:03  Zergling x2  
  137  11:04  Zergling x14  
  133  11:05  Baneling x8  
  133  11:06  Baneling  
  133  11:07  Zerg Melee Weapons Level 1  
  131  11:13  Zergling x12  
  131  11:15  Queen  
  131  11:17  Zergling x2  
  140  11:23  Overlord  
  140  11:24  Queen  
  122  11:42  Mutalisk x6  
  131  11:47  Mutalisk  
  131  11:49  Zergling x20  
  143  12:02  Zergling x10  
  148  12:09  Baneling x4  
  148  12:12  Zerg Flyer Weapons Level 1  
  148  12:15  Zergling x12  
  154  12:22  Baneling x10  
  154  12:24  Zergling x2  
  154  12:25  Zergling x6  
  155  12:30  Baneling x4  
  155  12:31  Baneling  
  155  12:34  Zergling x2  
  155  12:35  Zergling x8  
  160  12:40  Overlord  
  160  12:43  Hatchery  
  156  12:45  Overlord x3  
  136  12:59  Mutalisk  
  136  13:00  Mutalisk x2  
  136  13:01  Baneling  
  136  13:02  Baneling x4  
  136  13:04  Zergling x16  
  150  13:09  Zergling x8  
  147  13:29  Zerg Melee Weapons Level 2  
  147  13:33  Zergling x6  
  150  13:42  Hatchery  
  149  13:56  Zergling x18  
  149  13:57  Zergling x2  
  159  14:15  Drone x5  
  162  14:17  Overlord  
  162  14:23  Mutalisk  
  162  14:24  Mutalisk x5  
  154  14:29  Zergling x8  
  154  14:30  Zergling x2  
  171  14:37  Overseer  
  171  14:38  Baneling  
  171  14:39  Baneling x8  
  171  14:41  Zergling x2  
  171  14:42  Zergling x2  
  172  14:46  Zergling x6  
  172  14:50  Zergling x4  
  161  15:10  Zergling x24  
  161  15:11  Zergling x2, Overseer  
  174  15:17  Baneling  
  174  15:18  Baneling x16  
  173  15:26  Zergling x16  
  181  15:34  Baneling x11  

Tags
 
Add a new tag
Caveats
  • Supply blocks, unpowered buildings, or Contaminate may cause inaccurate times.
  • Supply counts are checked every 10 seconds.